 Dungeon Crawl Stone Soup version 0.20-a0-656-g9b0dcd9 (webtiles) character file.

48134 pkoi the Fencer (level 14, -8/133 HPs)
             Began as a Minotaur Fighter on Feb 15, 2017.
             Was a High Priest of the Shining One.
             Mangled by a tyrant leech (24 damage)
             ... on level 6 of the Lair of Beasts on Feb 16, 2017.
             The game lasted 00:28:05 (14362 turns).

pkoi the Fencer (Minotaur Fighter)                 Turns: 14362, Time: 00:28:05

Health: -8/133     AC: 21    Str: 25    XL:     14   Next: 11%
Magic:  21/21      EV:  8    Int:  5    God:    the Shining One [*****.]
Gold:   815        SH: 10    Dex: 16    Spells: 13/13 levels left

rFire    . . .     SeeInvis +   a - +1 long sword (elec)
rCold    + + .     Gourm    .   w - +0 ice dragon scales
rNeg     + + .     Faith    .   c - +0 shield
rPois    +         Spirit   .   D - +0 hat {SInv}
rElec    .         Reflect  .   x - +2 cloak
rCorr    .         Harm     .   E - +0 pair of gloves
MR       +....                  J - +0 pair of boots
Stlth    +.........             h - amulet of regeneration
Regen    0.8/turn               G - +5 ring of slaying
MPRegen  0.2/turn               Q - ring "Dusosic" {rPois rF+ Dex+5 Stlth+}

@: glowing
A: retaliatory headbutt, horns 2
a: Divine Shield, Cleansing Flame, Summon Divine Warrior, Renounce Religion


You were on level 6 of the Lair of Beasts.
You worshipped the Shining One.
The Shining One was extremely pleased with you.
You were hungry.

You visited 3 branches of the dungeon, and saw 16 of its levels.
You also visited: Ice Cave.

You collected 924 gold pieces.
You spent 90 gold pieces at shops.
You donated 19 gold pieces to Zin.

Inventory:

Hand Weapons
 a - a +1 long sword of electrocution (weapon)
 b - a +0 hand crossbow
 t - a +1 falchion of freezing
 F - a +3 falchion of flaming
Missiles
 N - 10 bolts
Armour
 c - a +0 shield (worn)
 w - +0 ice dragon scales (worn)
 x - a +2 cloak (worn)
 D - a +0 hat of see invisible (worn)
 E - a +0 pair of gloves (worn)
 J - a +0 pair of boots (worn)
Jewellery
 h - an amulet of regeneration (around neck)
 i - an uncursed ring of protection from magic
 y - an uncursed ring of flight
 G - a +5 ring of slaying (right hand)
 Q - the ring "Dusosic" (left hand) {rPois rF+ Dex+5 Stlth+}
   (You found it on level 3 of the Lair of Beasts)

   [ring of poison resistance]

   It affects your dexterity (+5).
   It protects you from fire.
   It protects you from poison.
   It makes you more stealthy.
Wands
 B - a wand of lightning (8/15)
 I - a wand of digging (16/24)
 K - a wand of polymorph (16/24)
 M - a wand of enslavement (8/24)
 P - a wand of confusion (4/48)
 S - a wand of disintegration (17/24)
Scrolls
 k - 4 scrolls of identify
 o - a scroll of recharging
 q - 4 scrolls of magic mapping
 s - a scroll of fog
 u - 2 scrolls of teleportation
 v - 2 scrolls of enchant armour
 A - a scroll of enchant weapon
 C - 4 scrolls of remove curse
Potions
 d - 3 potions of might
 e - 3 potions of brilliance
 n - 4 potions of curing
 p - 2 potions of cancellation
 H - a potion of resistance
 L - 3 potions of ambrosia
 O - 2 potions of agility
 R - 2 potions of flight
 V - a potion of berserk rage {unknown}
Comestibles
 f - 7 bread rations
 g - 5 chunks of flesh
 j - 11 royal jellies
 l - 20 fruits
 r - 6 meat rations


   Skills:
 + Level 14.3 Fighting
 + Level 16.2 Long Blades
 + Level 14.0 Armour
 - Level 0.4 Dodging
 - Level 3.6 Shields
 + Level 11.5 Invocations


You had 13 spell levels left.
You didn't know any spells.

Dungeon Overview and Level Annotations

Branches:
Dungeon (9/15)             Temple (1/1) D:6            Lair (6/6) D:9
  Swamp (0/4) Lair:4       Spider (0/4) Lair:3
  Slime: Lair:5-6       Orc: D:9-12

Altars:
Ashenzari
Cheibriados
Dithmenos
Elyvilon
Fedhas
Gozag
Hepliaklqana
Kikubaaqudgha
Makhleb
Nemelex Xobeh
Okawaru
Qazlal
Ru
Sif Muna
Trog
Uskayaw
Vehumet
Xom
Yredelemnul
Zin
The Shining One

Shops:
D:4 *


Innate Abilities, Weirdness & Mutations

You reflexively headbutt those who attack you in melee.
You have a pair of horns on your head.


Message History

The tyrant leech is almost dead.
The tyrant leech bites you!!
* * * LOW HITPOINT WARNING * * *
You slice the tyrant leech!!
You kill the tyrant leech!
The Shining One accepts your kill. You block the tyrant leech's attack.
Items here: †††† a tyrant leech corpse; a spiny frog corpse; a komodo dragon corpse a spiny frog corpse Butcher a tyrant leech corpse? [(y)es/(c)hoosy/(n)o/(a)ll/(e)dible/(q)uit/?]
There isn't anything edible to butcher here.
You butcher the tyrant leech corpse.
The tyrant leech bites you.
You stop butchering the corpse.
* * * LOW HITPOINT WARNING * * *
Unknown command.
You hit the tyrant leech.
The tyrant leech is lightly wounded.
The tyrant leech bites you!!
You die...

≈......≈..≈....#.....####
≈..≈)..≈......#..#..##
#..P.......PPPPP..##
P###...w..F..P......#
........†.#.####.....#
.....###.†.### ##...##
P.... #.†...###.##.##
.... ##........w...# ..
#%†##...@#..## #
#..P.#######.# .#
#........ #...PP
.......... .........
..#..?##### ....#...##
...... ########## ...#P.
##.###


You could see a tyrant leech.

Vanquished Creatures
  Gastronok (Lair:1)
  A frost giant (IceCv)
  The ghost of shinino the Cleaver, a journeyman MiBe of Trog (Lair:1)
  The ghost of Dharzhak the Grappler, a journeyman TrMo (Lair:1)
  An ice dragon (Lair:5)
  4 hydras
  A two-headed ogre (D:8)
  A catoblepas (Lair:2)
  A death yak (IceCv)
  The ghost of case the Basher, a novice GrFi of Ru (D:8)
  A black mamba (Lair:5)
  2 torpor snails (Lair:5)
  An ice statue (IceCv)
  Psyche (D:8)
  15 spiny frogs
  2 rime drakes
  4 komodo dragons
  A troll (D:9)
  A jumping spider (Lair:3)
  2 tyrant leeches
  24 polar bears
  Prince Ribbit (D:8)
  21 blink frogs
  8 dream sheep
  5 hippogriffs
  44 yaks
  A basilisk (Lair:1)
  4 fire bats (Lair:2)
  Grum (Lair:1)
  2 vampire mosquitoes (Lair:6)
  13 water moccasins
  9 porcupines
  2 sky beasts
  2 ice beasts
  2 phantoms (D:7)
  5 necrophages (D:9)
  3 ogres
  22 wolves
  13 crocodiles
  7 centaurs
  2 elf zombies (D:9)
  4 big kobolds
  14 bullfrogs
  A gnoll sergeant (D:5)
  A wyvern zombie (D:9)
  3 scorpions
  16 killer bees (D:9)
  5 wights
  A lava snake (Lair:2)
  3 crimson imps
  2 bullfrog zombies
  5 human zombies (D:9)
  A centaur zombie (D:9)
  A centaur skeleton (D:8)
  6 hounds
  2 orc wizards (D:5)
  4 orc priests
  3 jellies
  A human skeleton (D:9)
  4 iguanas
  6 worker ants
  6 hell rats (Lair:1)
  A killer bee zombie (D:5)
  A hound zombie (D:5)
  2 mummies (D:9)
  Robin (D:4)
  A worker ant zombie (D:9)
  5 gnolls (D:5)
  A howler monkey skeleton (D:6)
  10 adders
  12 river rats (Lair:1)
  4 shadow imps
  An adder skeleton (D:7)
  4 worms
  2 dart slugs
  2 leopard geckos
  15 orcs
  6 giant cockroaches
  7 hobgoblins
  10 jackals
  14 kobolds
  10 quokkas
  7 bats
  5 frilled lizards
  10 goblins
  2 jackal zombies
  A leopard gecko skeleton (D:7)
  A leopard gecko zombie (D:6)
  2 orc zombies (D:9)
  29 rats
  A plant (Lair:1)
490 creatures vanquished.

Vanquished Creatures (others)
  3 wolves (IceCv)
  A bush (Lair:1)
  6 fungi
  32 plants
  4 withered plants (D:9)
46 creatures vanquished.

Grand Total: 536 creatures vanquished

Notes
Turn   | Place    | Note
-------+----------+-------------------------------------------
     0 | D:1      | pkoi the Minotaur Fighter began the quest for the Orb.
     0 | D:1      | Reached XP level 1. HP: 19/19 MP: 0/0
     2 | D:1      | Noticed a troll
     2 | D:1      | Noticed a dwarf
     4 | D:1      | Noticed a tengu
     4 | D:1      | Noticed a vine stalker
     6 | D:1      | Noticed a formicid
     6 | D:1      | Noticed a naga
     8 | D:1      | Noticed an elf
    10 | D:1      | Noticed an ogre
    12 | D:1      | Noticed a spriggan
    14 | D:1      | Noticed a gargoyle
    14 | D:1      | Noticed a minotaur
    16 | D:1      | Noticed a ghoul
    16 | D:1      | Noticed a halfling
    18 | D:1      | Noticed a vampire
    18 | D:1      | Noticed a centaur
    20 | D:1      | Noticed an octopode
    20 | D:1      | Noticed a demonspawn
    22 | D:1      | Noticed a felid
    22 | D:1      | Noticed a draconian
    24 | D:1      | Noticed a demigod
    26 | D:1      | Noticed a human
    26 | D:1      | Noticed a merfolk
    73 | D:1      | Reached skill level 3 in Long Blades
   111 | D:1      | Reached XP level 2. HP: 15/26 MP: 1/1
   680 | D:1      | Reached skill level 4 in Long Blades
  1088 | D:1      | Reached XP level 3. HP: 31/31 MP: 2/2
  1299 | D:2      | Found Zin's Purification Station.
  1302 | D:2      | Found a glowing silver altar of Zin.
  1310 | D:2      | Bought a potion of curing for 90 gold pieces
  1672 | D:2      | Reached skill level 5 in Long Blades
  1779 | D:2      | Reached XP level 4. HP: 39/39 MP: 3/3
  2541 | D:3      | Reached skill level 6 in Long Blades
  2599 | D:4      | Reached XP level 5. HP: 45/45 MP: 4/4
  2681 | D:2      | Became a worshipper of Zin the Law-Giver
  2866 | D:4      | Reached skill level 7 in Long Blades
  2916 | D:4      | Found Woshaam's General Store.
  2952 | D:4      | Reached * piety under Zin
  2983 | D:4      | Noticed Robin
  3062 | D:4      | Killed Robin
  3109 | D:4      | Reached XP level 6. HP: 51/51 MP: 5/5
  3400 | D:4      | Noticed a moth of wrath
  3403 | D:4      | Found a bloodstained altar of Trog.
  3531 | D:5      | Entered Level 5 of the Dungeon
  3541 | D:5      | Reached skill level 8 in Long Blades
  3565 | D:5      | Found a bloodstained altar of Trog.
  3579 | D:5      | Noticed an ice beast
  3609 | D:5      | Killed an ice beast
  3743 | D:5      | Reached skill level 9 in Long Blades
  3743 | D:5      | Reached XP level 7. HP: 57/57 MP: 6/6
  3812 | D:5      | Got a fine dagger
  3815 | D:5      | Identified the +7 dagger "Haumaraf" {holy, Fragile Str+3 Dex+2} (You found it on level 5 of the Dungeon)
  3839 | D:5      | Found a hide-covered altar of Uskayaw.
  3929 | D:5      | Reached skill level 10 in Long Blades
  4041 | D:5      | Found an opulent altar of Gozag.
  4043 | D:5      | Found a burning altar of Makhleb.
  4191 | D:5      | Reached XP level 8. HP: 53/67 MP: 7/7
  4281 | D:6      | Reached ** piety under Zin
  4303 | D:6      | Reached skill level 5 in Armour
  4342 | D:6      | Reached skill level 5 in Fighting
  4672 | D:6      | Found a staircase to the Ecumenical Temple.
  4682 | Temple   | Entered the Ecumenical Temple
  4833 | Temple   | Fell from the grace of Zin
  4833 | Temple   | Became a worshipper of the Shining One
  4833 | Temple   | Reached * piety under the Shining One
  5093 | D:7      | Reached skill level 1 in Invocations
  5367 | D:7      | Reached skill level 11 in Long Blades
  5621 | D:7      | Reached XP level 9. HP: 61/78 MP: 9/9
  5980 | D:8      | Noticed Prince Ribbit
  5984 | D:8      | Killed Prince Ribbit
  6058 | D:8      | Noticed Psyche
  6066 | D:8      | Killed Psyche
  6100 | D:8      | Noticed a two-headed ogre
  6115 | D:8      | Noticed case's ghost (novice GrFi)
  6115 | D:8      | Reached ** piety under the Shining One
  6602 | D:8      | Killed case's ghost
  6602 | D:8      | Reached skill level 12 in Long Blades
  6732 | D:8      | Killed a two-headed ogre
  6732 | D:8      | Reached XP level 10. HP: 32/90 MP: 5/12
  7105 | D:9      | Reached skill level 5 in Invocations
  7449 | D:9      | Reached *** piety under the Shining One
  7482 | D:9      | Reached skill level 13 in Long Blades
  7567 | D:9      | Reached XP level 11. HP: 80/98 MP: 15/15
  7593 | D:9      | Noticed a three-headed hydra
  7597 | D:9      | Killed a one-headed hydra
  7597 | D:9      | Reached skill level 10 in Fighting
  7597 | D:9      | Reached skill level 10 in Armour
  7767 | D:9      | Found an ancient bone altar of Kikubaaqudgha.
  7797 | D:9      | Reached **** piety under the Shining One
  7890 | D:9      | Found a staircase to the Lair.
  8101 | Lair:1   | Entered Level 1 of the Lair of Beasts
  8213 | Lair:1   | Noticed Grum
  8213 | Lair:1   | Noticed Gastronok
  8331 | Lair:1   | Killed Grum
  8368 | Lair:1   | Killed Gastronok
  8446 | Lair:1   | Noticed Dharzhak's ghost (journeyman TrMo)
  8823 | Lair:1   | Killed Dharzhak's ghost
  8964 | Lair:1   | Noticed shinino's ghost (journeyman MiBe)
  9001 | Lair:1   | Killed shinino's ghost
  9001 | Lair:1   | Reached skill level 14 in Long Blades
  9344 | Lair:1   | Reached XP level 12. HP: 109/109 MP: 17/17
  9453 | Lair:2   | Noticed a four-headed hydra
  9654 | Lair:2   | Noticed a catoblepas
  9664 | Lair:2   | Killed a catoblepas
  9832 | Lair:2   | Reached ***** piety under the Shining One
 10178 | Lair:2   | Killed a one-headed hydra
 10572 | D:6      | Upgraded the game from 0.20-a0-647-gf178af5 to 0.20-a0-656-g9b0dcd9
 10928 | Lair:3   | Found a hole to the Spider Nest.
 11129 | Lair:3   | Got a bound jade ring
 11130 | Lair:3   | Identified the ring "Dusosic" {rPois rF+ Dex+5 Stlth+} (You found it on level 3 of the Lair of Beasts)
 11541 | Lair:4   | Noticed a four-headed hydra
 11548 | Lair:4   | Killed a one-headed hydra
 11548 | Lair:4   | Reached skill level 15 in Long Blades
 11548 | Lair:4   | Reached skill level 10 in Invocations
 11694 | Lair:4   | Reached XP level 13. HP: 103/118 MP: 19/19
 11778 | Lair:4   | Found a staircase to the Swamp.
 12341 | Lair:5   | Found a frozen archway.
 12542 | IceCv    | Entered an ice cave
 12994 | IceCv    | Noticed a frost giant
 13012 | IceCv    | Killed a frost giant
 13436 | Lair:5   | Reached skill level 16 in Long Blades
 13645 | Lair:5   | Found a snail-covered altar of Cheibriados.
 14241 | Lair:6   | Entered Level 6 of the Lair of Beasts
 14283 | Lair:6   | Reached XP level 14. HP: 129/132 MP: 21/21
 14362 | Lair:6   | Mangled by a tyrant leech

Vault maps used:
D:1:      kb_arrival_jail
D:2:      minmay_diamond_boxcup, zin_purify
D:4:      tgw_trog, first_bread, serial_shops, shop,
          hangedman_abyss_or_decor_stabs, uniq_robin
D:5:      grunt_temple_overflow_open, basic_altar
D:6:      temple_statues, minivault_26
D:8:      uniq_psyche, uniq_prince_ribbit1
D:9:      david_lair_shrubbed, serial_undead, serial_undead_b, serial_undead_d,
          serial_undead_b, serial_undead_b, serial_undead_c, serial_undead_d,
          serial_undead_e, serial_undead_e, hangedman_ranch,
          lemuel_mausoleum_altar_kikubaaqudgha
Temple:   eino_temple_scatter_basement
Lair:1:   lemuel_ratsnest, serial_forest, infiniplex_forest_clump_curved,
          infiniplex_forest_straight_2, infiniplex_forest_pool,
          infiniplex_forest_lined_2, infiniplex_forest_clump_curved,
          infiniplex_forest_straight_2, uniq_grum, uniq_gastronok
Lair:3:   spider_nest_entry_a, grunt_megastairs_3
Lair:4:   minmay_swamp_entry_worms, grunt_megastairs_4
Lair:5:   portal_ice_cave_entry_animals_and_master, mumra_transporter_accident,
          kennysheep_snail_temple
Lair:6:   minmay_lair_end_frog_pond, nicolae_slime_entry_slimehenge,
          st_stairs_3, infiniplex_staircase_pool
IceCv:    ice_cave_caverns_03

Skill      XL: |  1  2  3  4  5  6  7  8  9 10 11 12 13 14 |
---------------+-------------------------------------------+-----
Long Blades    | 3 4 5 6 7 9 10 11 12 13 14 15 16 | 16.2
Fighting       | 4 6 8 9 11 12 14 | 14.3
Armour         | 4 6 8 9 11 12 13 14 | 14.0
Invocations    | 2 4 6 8 10 11 | 11.5
Dodging        | |  0.4
Shields        | |  3.6

Action                   |  1- 3 |  4- 6 |  7- 9 | 10-12 | 13-15 || total
-------------------------+-------+-------+-------+-------+-------++-------
Melee: Long sword        |   177 |   159 |   310 |   669 |   312 ||  1627
       Headbutt          |    20 |    20 |    67 |   139 |   120 ||   366
       Falchion          |       |       |       |    12 |    44 ||    56
Invok: Divine Shield     |       |       |     2 |     4 |     1 ||     7
  Use: Scroll            |     5 |     1 |     9 |     9 |     5 ||    29
       Potion            |     2 |     1 |     2 |     5 |     2 ||    12
 Stab: Distracted        |       |     1 |       |       |       ||     1
  Eat: Chunk             |     3 |     6 |    10 |    18 |     8 ||    45
Armor: Scale mail        |    66 |       |       |       |       ||    66
       Plate armour      |    10 |    83 |   150 |   265 |    71 ||   579
       Ice dragon scales |       |       |       |       |   108 ||   108
Dodge: Dodged            |    50 |    28 |    56 |    93 |    66 ||   293
Block: Shield            |    89 |    61 |   107 |   244 |   153 ||   654
       Rpst.: Long sword |    12 |     7 |    13 |    30 |    12 ||    74
       Falchion          |       |       |       |     1 |     3 ||     4
